 Dungeon Crawl Stone Soup version 0.21-a0-442-g848f44b (webtiles) character file.

56 tof the Slasher (level 3, -1/29 HPs)
             Began as a Demonspawn Monk on Nov 13, 2017.
             Succumbed to an adder's poison
             ... on level 2 of the Dungeon.
             The game lasted 00:03:42 (1684 turns).

tof the Slasher (Demonspawn Monk)                   Turns: 1684, Time: 00:03:43

Health: -1/29      AC:  3    Str: 11    XL:     3   Next: 69%
Magic:  12/12      EV: 13    Int: 11    God:
Gold:   109        SH:  0    Dex: 16    Spells: 2/2 levels left

rFire    . . .     SeeInvis .   a - +0 falchion
rCold    + . .     Gourm    .   (no shield)
rNeg     . . .     Faith    .   b - +0 robe
rPois    .         Spirit   .   (no helmet)
rElec    .         Reflect  .   (no cloak)
rCorr    .         Harm     .   (no gloves)
MR       .....                  (no boots)
Stlth    ++........             (no amulet)
HPRegen  0.09/turn              f - ring of magical power
MPRegen  0.13/turn              (no ring)

@: lethally poisoned (-1 -> -19)
A: claws 1, cold resistance 1, mutation resistance 1, sense surroundings 1,
shaggy fur 1, rot immunity
a: no special abilities


You were on level 2 of the Dungeon.
You were hungry.

You visited 1 branch of the dungeon, and saw 2 of its levels.

You collected 109 gold pieces.

Inventory:

Hand Weapons
 a - a +0 falchion (weapon)
Missiles
 n - 4 javelins (quivered)
Armour
 b - a +0 robe (worn)
Jewellery
 f - a ring of magical power (left claw)
Scrolls
 d - a scroll of identify {unknown}
 h - a scroll of recharging {unknown}
 i - 2 scrolls of magic mapping {unknown}
 l - 3 scrolls of noise {unknown}
 o - a scroll of teleportation {unknown}
 p - a scroll of enchant weapon {unknown}
Potions
 q - a potion of curing {unknown}
 s - a potion of lignification {unknown}
Comestibles
 c - 3 bread rations
 g - 2 royal jellies
 j - 4 meat rations


   Skills:
 + Level 3.3 Fighting
 * Level 3.3 Long Blades
 + Level 1.0 Armour
 + Level 3.0 Dodging
 + Level 2.2 Stealth


You had 2 spell levels left.
You didn't know any spells.

Dungeon Overview and Level Annotations

Branches:
Dungeon (2/15)

Altars:
Hepliaklqana


Innate Abilities, Weirdness & Mutations

You have sharp fingernails.
You are immune to rotting.
Your flesh is cold resistant. (rC+)
You are somewhat resistant to further mutation.
You passively map a small area around you.
You are covered in fur. (AC +1)


Message History

The adder is severely wounded.
* * * LOW HITPOINT WARNING * * *
You feel sick. The adder closely misses you.
You hit the adder.
The adder is almost dead.
* * * LOW HITPOINT WARNING * * *
You feel sick. The adder closely misses you. The adder bites you.
* * * LOW HITPOINT WARNING * * *
You are more poisoned.
The adder poisons you!
You closely miss the adder.
The adder is almost dead.
* * * LOW HITPOINT WARNING * * *
You feel sick. The adder bites you.
* * * LOW HITPOINT WARNING * * *
You are more poisoned.
The adder poisons you!
You barely miss the adder.
The adder is almost dead.
You die...

########...#####.###...
#..........รท.....#
#.#.
#.######...#.........##
#.# ##.##.#######.##
#.# ####.##.# #... #.#
#....##.# ##..
#.####.#####.# ###
#......# #.# ######@#
#.# * #S# , #.# , * *
#.# * ... ,, , ** #.# ,
, , * #.. , #.# , , *


You could see an adder.

Vanquished Creatures
  An adder (D:2)
  3 oozes (D:1)
  4 bats
  A giant cockroach (D:2)
  3 goblins
  2 hobgoblins (D:1)
  5 jackals (D:1)
  4 kobolds (D:1)
  3 frilled lizards
  7 rats
33 creatures vanquished.

Notes
Turn   | Place    | Note
-------+----------+-------------------------------------------
     0 | D:1      | tof the Demonspawn Monk began the quest for the Orb.
     0 | D:1      | Reached XP level 1. HP: 18/18 MP: 1/1
   220 | D:1      | Gained mutation: You are immune to rotting. [demonic ancestry]
   220 | D:1      | Reached XP level 2. HP: 15/24 MP: 2/2
   972 | D:1      | Gained mutation: You have sharp fingernails. [demonic ancestry]
   972 | D:1      | Reached XP level 3. HP: 29/29 MP: 3/3
  1230 | D:2      | Found a hazy altar of Hepliaklqana.
  1396 | D:2      | Reached skill level 1 in Armour
  1397 | D:2      | Gained mutation: You possess an exceptional clarity of mind. [potion of mutation]
  1397 | D:2      | Gained mutation: You are resistant to hostile enchantments. (MR+) [potion of mutation]
  1397 | D:2      | Gained mutation: You are somewhat resistant to further mutation. [potion of mutation]
  1613 | D:2      | Lost mutation: You possess an exceptional clarity of mind. [potion of mutation]
  1613 | D:2      | Lost mutation: You are resistant to hostile enchantments. (MR+) [potion of mutation]
  1613 | D:2      | Gained mutation: You passively map a small area around you. [potion of mutation]
  1613 | D:2      | Gained mutation: Your flesh is cold resistant. (rC+) [potion of mutation]
  1613 | D:2      | Gained mutation: You are covered in fur. (AC +1) [potion of mutation]
  1683 | D:2      | HP: 1/29 [adder (2)]
  1684 | D:2      | Succumbed to an adder's poison

Vault maps used:
D:1:      roderic_crop_circles_arrival_small, minmay_three_crescents
D:2:      minitemple, minmay_pentomino_p2

Skill      XL: |  1  2  3 |
---------------+----------+-----
Stealth        | 2 |  2.2
Long Blades    | 3 |  3.3
Dodging        | 3 |  3.0
Armour         | 1 |  1.0
Fighting       | |  3.3

Action                   || total
-------------------------++-------
Melee: Falchion          ||   106
       Whip              ||    26
  Use: Scroll            ||     2
       Potion            ||     5
 Stab: Sleeping          ||     3
  Eat: Chunk             ||     2
Armor: Robe              ||    16
Dodge: Dodged            ||    90
       Rpst.: Falchion   ||    26

Table legend:
 A = Spawn XP
 B = Non-spawn XP
 C = Spawn XP percentage of total XP
 D = Spawn monster count
 E = Non-spawn monster count
 F = Spawn count percentage of total count
 G = Total turns spent on level
                    A         B        C        D         E        F      G
               +---------+---------+-------+---------+---------+-------+---------
         Total |       0 |      80 |   0.0 |       0 |      33 |   0.0 |  1684
               +---------+---------+-------+---------+---------+-------+---------
           D:1 |       0 |      54 |   0.0 |       0 |      23 |   0.0 |  1205
           D:2 |       0 |      26 |   0.0 |       0 |      10 |   0.0 |   479
               +---------+---------+-------+---------+---------+-------+---------
